 Dungeon Crawl Stone Soup version 0.29-a0-870-g2c972031a6 (webtiles) character file.

Game seed: 496041055915289096

557 Demosthentine the Ducker (level 7, 0/55 HPs)
             Began as a Merfolk Gladiator on July 17, 2022.
             Was an Initiate of the Shining One.
             Slain by Eustachio
             ... wielding a +0 rapier
              (7 damage)
             ... on level 4 of the Dungeon.
             The game lasted 00:03:20 (4600 turns).

Demosthentine the Ducker (Merfolk Gladiator)        Turns: 4600, Time: 00:03:21

Health: 0/55       AC:  6    Str: 17    XL:     7   Next: 30%
Magic:  7/7        EV: 14    Int:  7    God:    the Shining One [......]
Gold:   142        SH:  0    Dex: 15    Spells: 6/6 levels left

rFire   . . .      SeeInvis .   a - +0 trident
rCold   . . .      Faith    .   (no shield)
rNeg    . . .      Spirit   .   b - +0 leather armour
rPois   .          Reflect  .   c - +1 helmet
rElec   .          Harm     .   (no cloak)
rCorr   .          Rampage  .   (no gloves)
Will    .....                   l - +0 pair of boots
Stlth   +.........              (no amulet)
HPRegen 0.18/turn               (no ring)
MPRegen 0.10/turn               (no ring)

@: glowing, invisible (but backlit and visible)
A: (nimble swimmer 2), mertail, mutation resistance 1
a: Renounce Religion


You were on level 4 of the Dungeon.
You worshipped the Shining One.
The Shining One was noncommittal.
You visited 1 branch of the dungeon, and saw 4 of its levels.

You collected 142 gold pieces.

Inventory:

Hand Weapons
 a - a +0 trident (weapon)
Missiles
 e - 7 javelins (quivered)
Armour
 b - a +0 leather armour (worn)
 c - a +1 helmet (worn)
 l - a +0 pair of boots (worn)
Jewellery
 p - an amulet of guardian spirit
Scrolls
 d - 3 scrolls of teleportation
 f - a scroll of enchant armour
 h - a scroll of silence
 j - a scroll of blinking
 r - a scroll of magic mapping {unknown}
 s - a scroll of poison {unknown}
 t - 2 scrolls of identify
Potions
 g - a potion of berserk rage
 i - a potion of might {unknown}
 k - a potion of flight
 m - 2 potions of haste
 n - a potion of invisibility
 o - a potion of lignification
 q - a potion of heal wounds {unknown}


   Skills:
 + Level 4.6 Fighting
 + Level 6.3 Polearms
 - Level 2.0 Throwing
 + Level 2.5 Armour
 + Level 6.3 Dodging


You had 6 spell levels left.
You didn't know any spells.
Your spell library contained the following spells:

 Spells                   Type           Power      Damage    Failure   Level
 Gell's Gravitas          Tloc           0%         N/A       86%         3
 Ignite Poison            Fire/Tmut/Pois 0%         N/A       86%         3
 Lesser Beckoning         Tloc           0%         N/A       86%         3
 Mephitic Cloud           Conj/Pois/Air  0%         N/A       86%         3
 Teleport Other           Tloc           0%         N/A       86%         3
 Freezing Cloud           Conj/Ice/Air   0%         6-21      100%        5


Dungeon Overview and Level Annotations

Branches:
Dungeon (4/15)
 Temple: D:4-7

Altars:
Ashenzari
Cheibriados
Elyvilon
Fedhas
Gozag
Hepliaklqana
Nemelex Xobeh
Ru
Uskayaw
Yredelemnul
The Shining One

Shops:
D:2 =

Annotations:
D:4 1 runed translucent door, Eustachio


Innate Abilities, Weirdness & Mutations

((You are very nimble when in or above water. (Stealth+, EV+, Speed+++)))
Your lower body shifts to a powerful aquatic tail in water.
You are somewhat resistant to further mutation.


Message History

Eustachio blinks!
You hit the orc but do no damage.
The orc is severely wounded.
Eustachio zaps a wand.
The bolt of dispelling energy hits the orc!!
The orc dies!
The bolt of dispelling energy misses you.
Items here: )))) [[[[ †.
Reach: a) +0 trident
Press: ? - help, Dir - move target, f - Eustachio
Aim: Eustachio, wielding a +0 rapier, wearing a +0 leather armour and carrying a wand of quicksilver (5) (about 47% to evade your +0 trident)
You reach to attack!
You hit Eustachio but do no damage.
Unknown command.
You hit Eustachio.
Eustachio is lightly wounded.
Eustachio hits you with a +0 rapier.
You hit Eustachio.
Eustachio is moderately wounded.
Eustachio zaps a wand.
The bolt of dispelling energy misses you.
You hit Eustachio.
Eustachio is moderately wounded.
Eustachio hits you with a +0 rapier.
You hit Eustachio.
Eustachio is moderately wounded.
Eustachio says, "Summoning is fun!"
Eustachio hits you with a +0 rapier.
You puncture Eustachio!
Eustachio is heavily wounded.
Eustachio zaps a wand.
The bolt of dispelling energy hits you!!
* * * LOW HITPOINT WARNING * * *
You hit Eustachio but do no damage.
Eustachio is heavily wounded.
Eustachio hits you with a +0 rapier.
* * * LOW HITPOINT WARNING * * *
It was a potion of invisibility.
You become transparent, but the glow from your halo prevents you from becoming completely invisible.
Eustachio hits you with a +0 rapier!
You die...

..#.### ..... ... # ####### #.# #
#######
##..##..#..#####.########.##..#..
...............).................
..####'####.................<...
#.......#....@................
#.≈≈.≈≈.#....@................
####.≈.≈)≈.#####)########..##.###
...'..≈#≈..+ #.####..##..##.###
...#.≈.≈.≈.# #>...........#..#.
...#.≈≈†≈≈.# #^...........#..#.
...#...†...# #............#..#.
...####†########............# ##
....##†.....................# .##
..............##...##)÷##..##..#.


You could see Eustachio.

Vanquished Creatures
  Grinder (D:3)
  2 jellies (D:4)
  2 iguanas (D:4)
  Natasha (D:3)
  2 orc wizards (D:4)
  9 adders
  An ufetubus (D:4)
  6 dart slugs
  5 orcs (D:4)
  5 ball pythons
  6 bats
  6 endoplasms
  2 giant cockroaches
  9 goblins
  17 hobgoblins
  2 jackals (D:4)
  3 kobolds
  2 quokkas
  6 frilled lizards
  2 rats
89 creatures vanquished.

Vanquished Creatures (others)
  2 orcs (D:4)
2 creatures vanquished.

Grand Total: 91 creatures vanquished

Notes
Turn   | Place    | Note
-------+----------+-------------------------------------------
     0 | D:1      | Demosthentine the Merfolk Gladiator began the quest for the
                  | Orb.
     0 | D:1      | Reached XP level 1. HP: 16/16 MP: 1/1
   413 | D:1      | Reached XP level 2. HP: 23/23 MP: 2/2
   839 | D:1      | Reached XP level 3. HP: 28/28 MP: 3/3
  1756 | D:2      | Reached skill level 1 in Armour
  1920 | D:2      | Found Noomecre's Jewellery Shoppe.
  1995 | D:2      | Reached XP level 4. HP: 35/35 MP: 4/4
  2590 | D:3      | Found a broken altar of Ashenzari.
  2591 | D:3      | Found a hide-covered altar of Uskayaw.
  2593 | D:3      | Found a sparkling altar of Nemelex Xobeh.
  2593 | D:3      | Found a white marble altar of Elyvilon.
  2594 | D:3      | Found a hazy altar of Hepliaklqana.
  2594 | D:3      | Found a basalt altar of Yredelemnul.
  2595 | D:3      | Found a sacrificial altar of Ru.
  2595 | D:3      | Found a glowing golden altar of the Shining One.
  2596 | D:3      | Found a blossoming altar of Fedhas.
  2597 | D:3      | Found a snail-covered altar of Cheibriados.
  2597 | D:3      | Found an opulent altar of Gozag.
  2607 | D:3      | Became a worshipper of the Shining One
  2732 | D:3      | Noticed Grinder
  2748 | D:3      | Gained mutation: You are somewhat resistant to further
                  | mutation. [potion of mutation]
  2749 | D:3      | The Shining One protects you from harm!
  2749 | D:3      | HP: 1/35 [Grinder (6)]
  2752 | D:3      | Paralysed by Grinder for 3 turns
  2781 | D:3      | Killed Grinder
  2782 | D:3      | Reached skill level 5 in Polearms
  2782 | D:3      | Reached skill level 5 in Dodging
  2782 | D:3      | Reached XP level 5. HP: 8/42 MP: 5/5
  2782 | D:3      | Reached XP level 6. HP: 9/48 MP: 6/6
  3378 | D:3      | Noticed Natasha
  3384 | D:3      | Killed Natasha
  3430 | D:3      | Found a faded altar of an unknown god.
  4314 | D:4      | Reached XP level 7. HP: 37/55 MP: 7/7
  4439 | D:4      | Found a runed translucent door.
  4546 | D:4      | Noticed Eustachio
  4600 | D:4      | Slain by Eustachio

Illustrated notes

Levels and vault maps discovered:
D:1:      minmay_arrival_widening_spiral_narrow, layout_loops_corners
D:2:      layout_basic, serial_shops, shop
D:3:      layout_basic, nicolae_overflows_in_rows,
          dreamdust_ecumenical_altar_angels_and_demons, uniq_natasha,
          uniq_grinder
D:4:      layout_gridville, ebering_ghost_sewer_d, kennysheep_generic_room_9,
          uniq_eustachio

Skill      XL: |  1  2  3  4  5  6 |
---------------+-------------------+-----
Armour         | 1 2 |  2.5
Fighting       | 3 4 |  4.6
Polearms       | 5 6 |  6.3
Dodging        | 5 6 |  6.3
Throwing       | |  2.0

Action                   |  1- 3 |  4- 6 |  7- 9 || total
-------------------------+-------+-------+-------++-------
Melee: Trident           |    97 |   152 |    76 ||   325
       Punch             |       |       |     1 ||     1
Throw: Throwing net      |       |     3 |       ||     3
  Use: Scroll            |     6 |     4 |       ||    10
       Potion            |       |     4 |     1 ||     5
 Stab: Sleeping          |     2 |     1 |       ||     3
Armor: Leather armour    |    20 |    17 |    27 ||    64
       Skin              |       |    10 |       ||    10
Dodge: Dodged            |    44 |    54 |    56 ||   154

Table legend: (Time is in decaauts)
 A = Elapsed time spent in this place.
 B = Non-inter-level travel time spent in this place.
 C = Inter-level travel time spent in this place.
 D = Time resting spent in this place.
 E = Time spent auto-exploring this place.
 F = Levels seen in this place.
 G = Mean time per level.
                   A        B        C        D        E       F      G
               +--------+--------+--------+--------+--------+-----+--------+
         Total |   4599 |   4494 |    105 |    335 |   3472 |   4 | 1149.8 |
       Dungeon |   4599 |   4494 |    105 |    335 |   3472 |   4 | 1149.8 |
               +--------+--------+--------+--------+--------+-----+--------+

Top non-repeatable levels by time:
     D:1: 1358 daAuts
     D:3: 1255 daAuts
     D:2: 1130 daAuts
     D:4: 854 daAuts
